 Dungeon Crawl Stone Soup version 0.26.1-2-gb8aa6d0 (webtiles) character file.

Game seed: 3304363998256088814

672 Diogenes the Insei (level 7, 0/53 HPs)
             Began as a Gnoll Transmuter on Apr 23, 2021.
             Was a Follower of Qazlal.
             Killed from afar by an orc wizard (2 damage)
             ... with a puff of flame
             ... on level 4 of the Dungeon.
             The game lasted 00:36:23 (3051 turns).

Diogenes the Insei (Gnoll Transmuter)               Turns: 3051, Time: 00:36:23

Health: 0/53       AC:  4    Str: 14    XL:     7   Next: 58%
Magic:  15/15      EV: 15    Int: 15    God:    Qazlal [*.....]
Gold:   155        SH:  1    Dex: 16    Spells: 7/17 levels left

rFire    + . .     SeeInvis .     - Unarmed
rCold    + . .     Faith    .   (no shield)
rNeg     . . .     Spirit   .   d - +2 robe {rC+ rF+}
rPois    .         Reflect  .   (helmet currently unavailable)
rElec    .         Harm     .   (no cloak)
rCorr    .         Rampage  .   (no gloves)
Will     .....                  (boots currently unavailable)
Stlth    ++........             (no amulet)
HPRegen  0.17/turn              (no ring)
MPRegen  0.14/turn              (no ring)

@: lethally poisoned (0 -> -16), appendages
A: distributed training, fangs 1, horns 2, talons 2, strong nose
a: End Transformation, Renounce Religion


You were on level 4 of the Dungeon.
You worshipped Qazlal.
Qazlal was aware of your devotion.
You had grown temporary horns.
You had grown temporary talons.
You visited 1 branch of the dungeon, and saw 4 of its levels.

You collected 155 gold pieces.

Inventory:

Hand Weapons
 k - a +2 hunting sling
Missiles
 l - 44 sling bullets
Armour
 a - a +1 robe
 d - a +2 robe of resistance (worn)
 j - a cursed +0 robe
Wands
 e - a wand of random effects (3) (quivered)
Scrolls
 b - 3 scrolls of immolation
 c - 2 scrolls of teleportation
 f - a scroll of enchant armour
 i - 4 scrolls of remove curse
Potions
 g - 2 potions of attraction
 h - a potion of degeneration {unknown}
 n - a potion of brilliance


   Skills:
 + Level 3.7 Fighting
 + Level 2.6 Short Blades
 + Level 2.6 Long Blades
 + Level 2.6 Axes
 + Level 2.6 Maces & Flails
 + Level 2.6 Polearms
 + Level 2.6 Staves
 + Level 2.6 Slings
 + Level 2.6 Bows
 + Level 2.6 Crossbows
 + Level 2.6 Throwing
 + Level 2.6 Armour
 + Level 5.3 Dodging
 + Level 2.6 Stealth
 + Level 2.6 Shields
 + Level 7.1 Unarmed Combat
 + Level 5.6 Spellcasting
 + Level 2.1 Conjurations
 + Level 2.1 Hexes
 + Level 2.1 Summonings
 + Level 2.1 Necromancy
 + Level 2.1 Translocations
 + Level 4.3 Transmutations
 + Level 2.1 Fire Magic
 + Level 2.1 Ice Magic
 + Level 2.1 Air Magic
 + Level 2.1 Earth Magic
 + Level 2.1 Poison Magic
 + Level 2.9 Invocations
 + Level 2.6 Evocations


You had 7 spell levels left.
You knew the following spells:

 Your Spells              Type           Power        Failure   Level
a - Beastly Appendage     Tmut           34%          2%          1
b - Wereblood             Tmut           17%          3%          2
c - Spider Form           Tmut/Pois      7%           12%         3
d - Ice Form              Ice/Tmut       14%          36%         4

Your spell library contained the following spells:

 Spells                   Type           Power        Failure   Level
 Blade Hands              Tmut           8%           56%         5


Dungeon Overview and Level Annotations

Branches:
Dungeon (4/15)
 Temple: D:4-7

Altars:
Qazlal

Annotations:
D:3 1 runed translucent door, Endbringerleviathan's ghost, amateur HuHu


Innate Abilities, Weirdness & Mutations

Your experience applies equally to all skills.
You have very sharp teeth.
Your uncanny sense of smell can sniff out nearby items.
You have a pair of horns on your head.
You have razor-sharp toenails.


Message History

The orc wizard struggles to resist.
You feel sick.
The orc hits you from afar with a +0 trident.
* * * LOW HITPOINT WARNING * * *
The orc wizard hits you but does no damage.
* * * LOW HITPOINT WARNING * * *
You feel sick.
* * * LOW HITPOINT WARNING * * *
You feel sick.
The orc wizard points at you and mumbles some strange words.
The puff of frost hits you. You resist.
* * * LOW HITPOINT WARNING * * *
* * * LOW HITPOINT WARNING * * *
You feel sick.
There is a stone staircase leading up here.
* * * LOW HITPOINT WARNING * * *
You feel sick. The orc wizard casts a spell at you. The puff of flame hits you.
You resist.
You die...

######....# #......
#.......#.# ...
###.... #.......'.#
..). #.... #.......###
.......... #....
#.......####.)........
###.#
#....................(
#.#
#...........##........
#..
#######.###.##........
#. #...#...@#........
#. #[......##o.......
## #####..o.(o)......
# ############## # #
### #.+ ##.# #####...


You could see an orc wizard (fast, slow).

Vanquished Creatures
  An ogre (D:4)
  5 wights (D:4)
  2 orc priests
  A hound (D:4)
  3 orc wizards
  Terence (D:2)
  2 worker ants (D:4)
  A hound skeleton (D:4)
  4 gnolls (D:3)
  3 adders (D:2)
  2 dart slugs
  2 leopard geckos
  4 orcs (D:3)
  3 ball pythons
  6 bats
  2 giant cockroaches
  6 goblins
  7 hobgoblins
  4 kobolds
  3 quokkas
  3 frilled lizards
  A leopard gecko skeleton (D:4)
  A rat (D:3)
67 creatures vanquished.

Notes
Turn   | Place    | Note
-------+----------+-------------------------------------------
     0 | D:1      | Diogenes the Gnoll Transmuter began the quest for the Orb.
     0 | D:1      | Reached XP level 1. HP: 17/17 MP: 6/6
   269 | D:1      | Reached XP level 2. HP: 23/23 MP: 7/7
   272 | D:1      | Learned a level 2 spell: Wereblood
   692 | D:2      | Reached skill level 5 in Spellcasting
   692 | D:2      | Reached XP level 3. HP: 25/28 MP: 5/9
   694 | D:2      | Reached skill level 1 in Invocations
   721 | D:2      | Learned a level 3 spell: Spider Form
   769 | D:2      | Noticed Terence
   778 | D:2      | Reached skill level 1 in Short Blades
   778 | D:2      | Reached skill level 1 in Long Blades
   778 | D:2      | Reached skill level 1 in Axes
   778 | D:2      | Reached skill level 1 in Maces & Flails
   778 | D:2      | Reached skill level 1 in Polearms
   778 | D:2      | Reached skill level 1 in Staves
   778 | D:2      | Reached skill level 1 in Slings
   778 | D:2      | Reached skill level 1 in Bows
   778 | D:2      | Reached skill level 1 in Crossbows
   778 | D:2      | Reached skill level 1 in Throwing
   778 | D:2      | Reached skill level 1 in Armour
   778 | D:2      | Reached skill level 1 in Stealth
   778 | D:2      | Reached skill level 1 in Shields
   778 | D:2      | Reached skill level 1 in Evocations
   782 | D:2      | Killed Terence
   783 | D:2      | Reached XP level 4. HP: 19/34 MP: 7/11
   948 | D:2      | Reached skill level 1 in Conjurations
   948 | D:2      | Reached skill level 1 in Hexes
   948 | D:2      | Reached skill level 1 in Summonings
   948 | D:2      | Reached skill level 1 in Necromancy
   948 | D:2      | Reached skill level 1 in Translocations
   948 | D:2      | Reached skill level 1 in Fire Magic
   948 | D:2      | Reached skill level 1 in Ice Magic
   948 | D:2      | Reached skill level 1 in Air Magic
   948 | D:2      | Reached skill level 1 in Earth Magic
   948 | D:2      | Reached skill level 1 in Poison Magic
   953 | D:2      | Learned a level 4 spell: Ice Form
  1048 | D:2      | Found a stormy altar of Qazlal.
  1056 | D:2      | Became a worshipper of Qazlal Stormbringer
  1474 | D:3      | Reached XP level 5. HP: 20/40 MP: 4/12
  2035 | D:3      | Reached XP level 6. HP: 44/47 MP: 10/13
  2241 | D:3      | Found a runed translucent door.
  2243 | D:3      | Noticed Endbringerleviathan's ghost (amateur HuHu)
  2513 | D:4      | Reached skill level 5 in Dodging
  2891 | D:4      | Reached XP level 7. HP: 52/52 MP: 13/15
  2895 | D:4      | Reached * piety under Qazlal
  2896 | D:4      | Reached skill level 7 in Unarmed Combat
  3051 | D:4      | HP: 2/53 [poisoned by an orc wizard]
  3051 | D:4      | Killed from afar by an orc wizard

Illustrated notes

Levels and vault maps discovered:
D:1:      dpeg_arrival_water_fire, layout_rooms, minmay_misc_feat_hallway
D:2:      layout_rooms, serial_aquarium, aquarium_bridge_square
          [aquarium_subvault_bridge, aquarium_subvault_wall,
          aquarium_subvault_bridge, aquarium_subvault_bridge],
          aquarium_window_corridor_2, aquarium_window_1, aquarium_view_2e,
          aquarium_balcony_3a, aquarium_pool_2, nicolae_qazlal_eye_of_the_storm,
          uniq_terence
D:3:      layout_basic, ebering_ghost_reflecting_pool
D:4:      layout_basic, kennysheep_flooded_box, minmay_statues_item

Skill      XL: |  1  2  3  4  5  6  7 |
---------------+----------------------+-----
Spellcasting   | 5 |  5.6
Invocations    | 1 2 |  2.9
Short Blades   | 1 2 |  2.6
Long Blades    | 1 2 |  2.6
Axes           | 1 2 |  2.6
Maces & Flails | 1 2 |  2.6
Polearms       | 1 2 |  2.6
Staves         | 1 2 |  2.6
Slings         | 1 2 |  2.6
Bows           | 1 2 |  2.6
Crossbows      | 1 2 |  2.6
Throwing       | 1 2 |  2.6
Armour         | 1 2 |  2.6
Stealth        | 1 2 |  2.6
Shields        | 1 2 |  2.6
Evocations     | 1 2 |  2.6
Conjurations   | 1 2 |  2.1
Hexes          | 1 2 |  2.1
Summonings     | 1 2 |  2.1
Necromancy     | 1 2 |  2.1
Translocations | 1 2 |  2.1
Fire Magic     | 1 2 |  2.1
Ice Magic      | 1 2 |  2.1
Air Magic      | 1 2 |  2.1
Earth Magic    | 1 2 |  2.1
Poison Magic   | 1 2 |  2.1
Fighting       | 3 |  3.7
Transmutations | 4 |  4.3
Dodging        | 5 |  5.3
Unarmed Combat | 7 |  7.1

Action                   |  1- 3 |  4- 6 |  7- 9 || total
-------------------------+-------+-------+-------++-------
Melee: Unarmed           |    46 |    36 |    33 ||   115
       Kick              |     6 |     3 |    12 ||    21
       Headbutt          |     5 |     2 |     5 ||    12
       Bite              |     1 |     1 |     4 ||     6
       Punch             |     1 |       |       ||     1
       Hunting sling     |       |     1 |       ||     1
 Fire: Hunting sling     |       |    55 |       ||    55
 Cast: Beastly Appendage |    12 |     5 |     6 ||    23
       Wereblood         |     6 |     1 |       ||     7
       Spider Form       |     1 |     8 |       ||     9
       Ice Form          |       |     1 |       ||     1
Evoke: Wand              |       |     6 |     6 ||    12
  Use: Scroll            |     4 |     9 |       ||    13
       Potion            |       |     2 |     1 ||     3
 Stab: Sleeping          |     1 |       |       ||     1
Armor: Robe              |     9 |     5 |     8 ||    22
       Skin              |       |     3 |       ||     3
Dodge: Dodged            |    38 |    52 |    25 ||   115
Block: Other             |       |       |     2 ||     2
